 Dungeon Crawl Stone Soup version 0.27-a0-1500-g450c7e4133 (webtiles) character file.

Game seed: 7768892318045657972

459 dolemite99 the Cudgeller (level 6, -6/76 HPs)
             Began as a Minotaur Fighter on July 8, 2021.
             Was an Elder of Uskayaw.
             Mangled by Eustachio (8 damage)
             ... on level 4 of the Dungeon.
             The game lasted 00:04:01 (3086 turns).

dolemite99 the Cudgeller (Minotaur Fighter)         Turns: 3086, Time: 00:04:02

Health: -6/76      AC: 23    Str: 18 (21) XL:     6   Next: 78%
Magic:  5/5        EV:  2    Int:  3 (5)  God:    Uskayaw [****..]
Gold:   90         SH: 14    Dex:  9 (11) Spells: 5/5 levels left

rFire    . . .     SeeInvis .   a - +0 flail
rCold    . . .     Faith    .   c - +0 kite shield
rNeg     + + +     Spirit   .   (armour currently unavailable)
rPois    +         Reflect  +   (helmet currently unavailable)
rElec    .         Harm     .   (cloak currently unavailable)
rCorr    .         Rampage  .   (gloves currently unavailable)
Will     .....     NoTele   +   (boots currently unavailable)
Stlth    +.........             i - amulet of reflection
HPRegen  0.22/turn              q - ring of poison resistance
MPRegen  0.09/turn              (no ring)

@: mighty, tree-form
A: stationary, stasis, torment immunity, boosted hp, (horns 2), (retaliatory
headbutt)
a: Renounce Religion, Stomp, Line Pass


You were on level 4 of the Dungeon.
You worshipped Uskayaw.
Uskayaw was noncommittal.
You were a tree.
You visited 1 branch of the dungeon, and saw 4 of its levels.

You collected 90 gold pieces.

Inventory:

Hand Weapons
 a - a +0 flail (weapon)
 b - a +0 hunting sling
Missiles
 h - 18 sling bullets
 p - 67 stones
 r - 4 poisoned darts (quivered)
Armour
 c - a +0 kite shield (worn)
 e - a +0 plate armour (melded)
 o - a +0 scale mail
Magical Staves
 m - a staff of death
Jewellery
 i - an amulet of reflection (around neck)
 q - a ring of poison resistance (left branch)
Scrolls
 g - 2 scrolls of fog
 k - a scroll of immolation {unknown}
 n - a scroll of teleportation
Potions
 f - 2 potions of cancellation {unknown}
 j - a potion of lignification


   Skills:
 - Level 3.6 Fighting
 * Level 7.6 Maces & Flails
 - Level 3.6 Armour
 + Level 5.7 Shields


You had 5 spell levels left.
You didn't know any spells.
Your spell library contained the following spells:

 Spells                   Type           Power      Damage    Failure   Level
 Passwall                 Tmut/Erth      0%         N/A       97%         2
 Conjure Flame            Conj/Fire      0%         6-21      99%         3
 Ignite Poison            Fire/Tmut/Pois 0%         N/A       99%         3
 Swiftness                Air            0%         N/A       99%         3
 Sticky Flame             Conj/Fire      0%         2d3       100%        4
 Invisibility             Hex            0%         N/A       100%        6


Dungeon Overview and Level Annotations

Branches:
Dungeon (4/15)
 Temple: D:4-7

Altars:
Elyvilon
Sif Muna
Uskayaw
Yredelemnul
Zin

Annotations:
D:4 Eustachio


Innate Abilities, Weirdness & Mutations

You are a tree.
Your roots penetrate the ground, keeping you stationary.
You cannot be teleported.
You are immune to unholy pain and torment.
Your maximum health is greatly increased.
Your equipment is partially melded.
((You have a pair of horns on your head.))
((You reflexively headbutt those who attack you in melee.))


Message History

The necrophage hits you but does no damage.
The quokka bites you but does no damage.
You thump the rat!
You kill the rat!
The rat's corpse disappears in a puff of smoke!
You block the quokka's attack. The shadow imp barely misses you.
You block the necrophage's attack. You block the iron imp's attack.
You sock the necrophage!
You destroy the necrophage!
You block the quokka's attack. You block the shadow imp's attack.
The shadow imp hits you but does no damage.
The iron imp hits you but does no damage.
The quokka bites you.
* * * LOW HITPOINT WARNING * * *
The shadow imp sputters.
You block the shadow imp's attack.
The shadow imp hits you but does no damage.
Uskayaw will force your foes to share their pain.
Your life force feels restored.
You block the quokka's attack.
You see here a poisoned dart.
You barely miss Eustachio.
Eustachio is severely wounded.
You block Eustachio's attack. You block the quokka's attack.
The iron imp barely misses you. You block Eustachio's attack.
Throw: 5 darts (poison)
Press: ? - help, Q - select action, (/) - cycle Shift-Dir - straight line, f/p - Eustachio
Aim: Eustachio, wielding a +0 rapier and wearing a +0 leather armour (severely wounded, 41% to hit)
You throw a poisoned dart. The poisoned dart hits Eustachio.
Eustachio is severely wounded.
The quokka bites you but does no damage.
Eustachio hits you with a +0 rapier.
* * * LOW HITPOINT WARNING * * *
You block the quokka's attack. You block the iron imp's attack.
It was a potion of lignification.
You turn into a tree.
Your +0 plate armour melds into your body.
Your roots penetrate the ground.
The shadow imp disappears in a puff of smoke!
You block the quokka's attack. Eustachio hits you with a +0 rapier!
You die...

#.......#........................
#)......#.....)..................
^..._...^........................
#.......#........................
#.......#........................
#.......#........................
####.####.......5................
...........####5r@...............
..§§.)....## ##♣................
..(.####### ##................
.....## ##............... ......#
##.............. ......##
##.............# ....(..#
#########..............#
.....5.###.rn5...r..##(..........
..5...r.##.@####....###......#..
........#..#######.## #...


You could see Eustachio, an iron imp (summoned), a shadow imp (summoned) and a
quokka (summoned).

Vanquished Creatures
  A water moccasin (D:4)
  A necrophage (D:4)
  A bullfrog (D:4)
  A water moccasin skeleton (D:4)
  A hound (D:4)
  3 adders
  An ufetubus (D:3)
  A worm (D:3)
  3 dart slugs
  6 orcs
  11 ball pythons
  6 endoplasms
  4 giant cockroaches
  7 hobgoblins
  3 jackals (D:1)
  3 quokkas
  7 bats
  2 frilled lizards
  6 goblins
  3 kobolds (D:2)
  6 rats
77 creatures vanquished.

Vanquished Creatures (collateral kills)
  A quokka (D:2)
1 creature vanquished.

Grand Total: 78 creatures vanquished

Notes
Turn   | Place    | Note
-------+----------+-------------------------------------------
     0 | D:1      | dolemite99 the Minotaur Fighter began the quest for the
                  | Orb.
     0 | D:1      | Reached XP level 1. HP: 19/19 MP: 0/0
     2 | D:1      | Noticed a dwarf
     2 | D:1      | Noticed a vine stalker
     6 | D:1      | Noticed a tengu
     6 | D:1      | Noticed a demonspawn
     8 | D:1      | Noticed a palentonga
     8 | D:1      | Noticed an elf
    10 | D:1      | Noticed a barachi
    10 | D:1      | Noticed a troll
    12 | D:1      | Noticed a draconian
    12 | D:1      | Noticed an ogre
    14 | D:1      | Noticed a felid
    14 | D:1      | Noticed a demigod
    16 | D:1      | Noticed a djinni
    16 | D:1      | Noticed a minotaur
    18 | D:1      | Noticed an octopode
    18 | D:1      | Noticed a vampire
    20 | D:1      | Noticed a spriggan
    20 | D:1      | Noticed a human
    22 | D:1      | Noticed a merfolk
    22 | D:1      | Noticed a naga
    24 | D:1      | Noticed a gargoyle
    26 | D:1      | Noticed a formicid
    26 | D:1      | Noticed a ghoul
    40 | D:1      | Reached skill level 3 in Maces & Flails
   115 | D:1      | Reached XP level 2. HP: 14/26 MP: 1/1
   918 | D:1      | Reached skill level 4 in Maces & Flails
  1213 | D:2      | Reached XP level 3. HP: 31/31 MP: 2/2
  1260 | D:2      | You fall into a shaft and drop 2 floors!
  1271 | D:4      | Noticed a water moccasin
  1281 | D:4      | Killed a water moccasin
  1282 | D:4      | Reached skill level 5 in Maces & Flails
  1282 | D:4      | Reached XP level 4. HP: 13/39 MP: 3/3
  1282 | D:4      | Reached XP level 5. HP: 15/45 MP: 4/4
  1513 | D:3      | Found a hide-covered altar of Uskayaw.
  1524 | D:3      | Became a worshipper of Uskayaw the Reveller
  1576 | D:2      | Reached * piety under Uskayaw
  1927 | D:2      | Reached skill level 6 in Maces & Flails
  1928 | D:2      | Reached ** piety under Uskayaw
  2027 | D:3      | Found a basalt altar of Yredelemnul.
  2365 | D:3      | Found a shimmering blue altar of Sif Muna.
  2477 | D:3      | Found a glowing silver altar of Zin.
  2740 | D:4      | Reached skill level 5 in Shields
  2740 | D:4      | Reached XP level 6. HP: 50/51 MP: 5/5
  2855 | D:4      | Reached skill level 7 in Maces & Flails
  2988 | D:4      | Found a white marble altar of Elyvilon.
  3016 | D:4      | Noticed Eustachio
  3075 | D:4      | Reached *** piety under Uskayaw
  3077 | D:4      | Reached **** piety under Uskayaw
  3085 | D:4      | HP: 1/51 [Eustachio (4)]
  3086 | D:4      | Mangled by Eustachio

Illustrated notes

Levels and vault maps discovered:
D:1:      kb_arrival_jail, layout_basic
D:2:      layout_rooms
D:3:      layout_basic, mainiacjoe_overflow_paths, yredelemnul_altar_generic,
          mainiacjoe_overflow_small_starburst, zin_treasury
D:4:      layout_layer_cave, lemuel_tele_altar, uniq_eustachio

Skill      XL: |  1  2  3  4  5  6 |
---------------+-------------------+-----
Maces & Flails | 3 4 5 6 7 |  7.6
Shields        | 4 5 |  5.7
Fighting       | |  3.6
Armour         | |  3.6

Action                   |  1- 3 |  4- 6 || total
-------------------------+-------+-------++-------
Melee: Flail             |    75 |   132 ||   207
       Headbutt          |     8 |    17 ||    25
Throw: Boomerang         |       |    13 ||    13
       Dart              |       |    24 ||    24
       Stone             |       |     3 ||     3
  Use: Scroll            |     1 |     2 ||     3
       Potion            |     1 |     3 ||     4
 Stab: Paralysed         |       |     1 ||     1
Armor: Scale mail        |    10 |       ||    10
       Plate armour      |    43 |   100 ||   143
Dodge: Dodged            |    17 |    20 ||    37
Block: Kite shield       |    58 |   191 ||   249
       Reflection        |       |     9 ||     9

Table legend: (Time is in decaauts)
 A = Elapsed time spent in this place.
 B = Non-inter-level travel time spent in this place.
 C = Inter-level travel time spent in this place.
 D = Time resting spent in this place.
 E = Time spent auto-exploring this place.
 F = Levels seen in this place.
 G = Mean time per level.
                   A        B        C        D        E       F      G
               +--------+--------+--------+--------+--------+-----+--------+
         Total |   3161 |   3039 |    122 |    326 |   1895 |   4 |  790.2 |
       Dungeon |   3161 |   3039 |    122 |    326 |   1895 |   4 |  790.2 |
               +--------+--------+--------+--------+--------+-----+--------+

Top non-repeatable levels by time:
     D:1: 1164 daAuts
     D:3: 877 daAuts
     D:2: 580 daAuts
     D:4: 538 daAuts
